 Dungeon Sprint DCSS version 0.27.1-3-gb3d3a73c9e (webtiles) character file.

Game seed: 18002572096875114500

900000 raph the Severer (level 13, -12/105 HPs)
             Began as a Djinni Warper on Oct 9, 2021.
             Was a Follower of Makhleb.
             Mangled by a meat berserker (88 damage)
             ... in the Dungeon (Sprint VIII: "Arena of Blood").
             The game lasted 00:00:32 (9 turns).

raph the Severer (Djinni Warper)                       Turns: 9, Time: 00:00:33

Health: -12/105    AC:  4    Str: 10    XL:     13   Next: 60%
Gold:   0          EV: 20    Int: 16    God:    Makhleb [*.....] SH:  0 Dex: 17

rFire    + + .     SeeInvis .   i - +∞ Axe of Woe
rCold    x . .     Faith    .   (shield currently unavailable)
rNeg     . . .     Spirit   .   b - +0 leather armour
rPois    ∞         Reflect  .   (no helmet)
rElec    .         Harm     .   (no cloak)
rCorr    .         Rampage  .   (no gloves)
Will     +....     NoTele   +   (boots unavailable)
Stlth    +.........             (no amulet)
HPRegen  0.27/turn              (no ring)
MPRegen  0.00/turn              (no ring)

@: flying
A: sickness immunity, fire resistance 2, cold vulnerability 1, float, innate
caster, hp casting, extra vitality 1
a: Renounce Religion


You were in the Dungeon.
You worshipped Makhleb.
Makhleb was aware of your devotion.
You visited 1 branch

Inventory:

Hand Weapons
 a - a +0 hand axe
 i - the +∞ Axe of Woe (weapon)
   (You found it in the Dungeon)
Missiles
 d - 5 boomerangs of dispersal (quivered)
Armour
 b - a +0 leather armour (worn)
Scrolls
 c - 2 scrolls of blinking
Potions
 e - a potion of curing
 f - a potion of heal wounds
 g - a potion of haste
 h - a potion of berserk rage


   Skills:
 + Level 14.0 Fighting
 * Level 16.4 Axes
 - Level 0.7 Throwing
 + Level 14.1 Armour
 + Level 15.1 Dodging
 + Level 11.5 Spellcasting


You had 2 spell levels left.
You knew the following spells:

 Your Spells              Type           Power      Damage    Failure   Level
a - Blink                 Tloc           N/A        N/A       1%          2
b - Lesser Beckoning      Tloc           23%        N/A       1%          3
c - Gell's Gravitas       Tloc           23%        N/A       1%          3
d - Teleport Other        Tloc           46%        N/A       1%          3
e - Manifold Assault      Tloc           46%        N/A       2%          5
f - Corona                Hex            51%        N/A       1%          1
g - Static Discharge      Conj/Air       46%        N/A       1%          2
h - Slow                  Hex            46%        N/A       1%          2
i - Portal Projectile     Hex/Tloc       92%        N/A       1%          3
j - Summon Lightning Spi  Summ/Air       46%        N/A       1%          4
k - Yara's Violent Unrav  Hex/Tmut       23%        3d10      2%          5
Your spell library was empty.

Dungeon Overview and Level Annotations

Branches:
Dungeon (1/1)

Altars:
Makhleb


Innate Abilities, Weirdness & Mutations

You are immune to sickness and miasma.
You are immune to poison.
Your flesh is very heat resistant. (rF++)
You are vulnerable to cold. (rC-)
You float through the air rather than walking.
You learn spells naturally, not from books.
Your magical power is your life essence.
You have superior vitality. (+4 HP)


Message History

Spell assigned to 'i'.
You have reached level 10!
You have reached level 11!
The power to cast Summon Lightning Spire wells up from within.
Spell assigned to 'j'.
You have reached level 12!
Your experience leads to an increase in your attributes!
Increase (S)trength, (I)ntelligence, or (D)exterity?
You feel agile.
You feel clever.
You have reached level 13!
The power to cast Yara's Violent Unravelling wells up from within.
Spell assigned to 'k'.
Unknown command.
The meat berserker appears out of thin air!
A meat berserker comes into view. It is wielding a +9 battleaxe.
The meat berserker shouts!
You hear a shout! x6
A bag of meat comes into view. It is wielding a +9 war axe.
The meat berserker rages.
You hear a shout!
A meat berserker comes into view. It is wielding a +9 battleaxe.
You hear a shout! x4
There is a burning altar of Makhleb here.
Things that are here:
a +9 battleaxe; a +30 ring of slaying; a meat berserker corpse A bag of meat comes into view.
It is wielding a +9 war axe.
The bag of meat shouts!
You hear a shout!
The meat berserker rages.
You hear a shout!
The meat berserker rages.
The meat berserker hits you with a +9 battleaxe!!
You hear a shout!
You hit the meat berserker.
You dissect the meat berserker like a pig carcass.
You kill the meat berserker!
Makhleb accepts your kill.
You can now gain health from killing.
A meat berserker comes into view. It is wielding a +9 battleaxe.
You hear a shout! x5
The meat berserker hits you with a +9 battleaxe!!!!
Ouch! That really hurt!
You die...

.. .. #.. ..# #.o
..# .###.. ..###.
.....o###......
....._..... .
#.....# ...
#_.<._# .
.....#O.o@O#....
........_...O....
......o###o......
..###.. ..###..
#.. ..# . #.. ..#
... ..O .... ....
....


You could see 4 meat berserkers and 4 bags of meat.

Vanquished Creatures
  2 ogres (D)
2 creatures vanquished.

Notes
Turn   | Place    | Note
-------+----------+-------------------------------------------
     0 | D        | Found the +∞ Axe of Woe
     0 | D        | raph the Djinni Warper began the quest for the Orb.
     0 | D        | Reached XP level 1. HP: 18/18 MP: 0/0
     2 | D        | Noticed a meat berserker
     3 | D        | Became a worshipper of Makhleb the Destroyer
     3 | D        | Noticed a bag of meat
     5 | D        | Noticed a meat berserker
     5 | D        | Noticed a bag of meat
     6 | D        | Killed a meat berserker
     6 | D        | Noticed a meat berserker
     7 | D        | Reached skill level 16 in Axes
     7 | D        | Reached skill level 15 in Dodging
     7 | D        | Reached XP level 2. HP: 41/41 MP: 0/0
     7 | D        | Reached XP level 3. HP: 47/47 MP: 0/0
     7 | D        | Learned a level 1 spell: Corona
     7 | D        | Reached XP level 4. HP: 53/53 MP: 0/0
     7 | D        | Reached XP level 5. HP: 58/58 MP: 0/0
     7 | D        | Learned a level 2 spell: Static Discharge
     7 | D        | Reached XP level 6. HP: 65/65 MP: 0/0
     7 | D        | Reached XP level 7. HP: 70/70 MP: 0/0
     7 | D        | Learned a level 2 spell: Slow
     7 | D        | Reached XP level 8. HP: 76/76 MP: 0/0
     7 | D        | Reached XP level 9. HP: 82/82 MP: 0/0
     7 | D        | Learned a level 3 spell: Portal Projectile
     7 | D        | Reached XP level 10. HP: 88/88 MP: 0/0
     7 | D        | Reached XP level 11. HP: 94/94 MP: 0/0
     7 | D        | Learned a level 4 spell: Summon Lightning Spire
     7 | D        | Reached XP level 12. HP: 100/100 MP: 0/0
     7 | D        | Reached XP level 13. HP: 105/105 MP: 0/0
     7 | D        | Learned a level 5 spell: Yara's Violent Unravelling
     7 | D        | Noticed a meat berserker
     7 | D        | Noticed a bag of meat
     7 | D        | Noticed a meat berserker
     8 | D        | Noticed a bag of meat
     9 | D        | Killed a meat berserker
     9 | D        | Reached * piety under Makhleb
     9 | D        | Noticed a meat berserker
     9 | D        | Mangled by a meat berserker

Illustrated notes

Levels and vault maps discovered:
D:        meatsprint

Skill      XL: |  1 |
---------------+----+-----
Fighting       | 14 | 14.0
Axes           | 16 | 16.4
Armour         | 14 | 14.1
Dodging        | 15 | 15.1
Spellcasting   | 11 | 11.5
Throwing       | |  0.7

Action                   |  1- 3 |  4- 6 |  7- 9 | 10-12 | 13-15 || total
-------------------------+-------+-------+-------+-------+-------++-------
Melee: Executioner's axe |     1 |       |       |       |     1 ||     2
